 Dungeon Crawl Stone Soup version 0.26-a0-597-gb535b0901c (webtiles) character file.

Game seed: 11309812424808047740

1119 Borgoz the Skirmisher (level 8, -2/87 HPs)
             Began as an Ogre Berserker on Sept 15, 2020.
             Was a Priest of Trog.
             Slain by an ice beast (14 damage)
             ... on level 5 of the Dungeon.
             The game lasted 00:09:21 (6579 turns).

Borgoz the Skirmisher (Ogre Berserker)              Turns: 6579, Time: 00:09:23

Health: -2/87      AC:  3    Str: 22    XL:     8   Next: 34%
Magic:  8/8        EV: 12    Int:  8    God:    Trog [***...]
Gold:   264        SH:  0    Dex: 10    Spells: 7/7 levels left

rFire    . . .     SeeInvis +   a - +0 morningstar
rCold    . . .     Faith    .   (no shield)
rNeg     . . .     Spirit   .   u - +0 animal skin
rPois    .         Reflect  .   (helmet restricted)
rElec    .         Harm     .   (no cloak)
rCorr    .                      (gloves unavailable)
MR       .....                  (boots unavailable)
Stlth    +.........             (no amulet)
HPRegen  0.24/turn              q - ring of see invisible
MPRegen  0.11/turn              (no ring)

@: no status effects
A: large, unfitting armour, tough skin 1
a: Berserk, Trog's Hand, Renounce Religion


You were on level 5 of the Dungeon.
You worshipped Trog.
Trog was most pleased with you.
You visited 1 branch of the dungeon, and saw 5 of its levels.

You collected 264 gold pieces.

Inventory:

Hand Weapons
 a - a +0 morningstar (weapon)
 b - a +2 whip of flaming
Missiles
 i - 6 large rocks (quivered)
Armour
 u - a +0 animal skin (worn)
Jewellery
 c - an uncursed ring of fire
 q - a ring of see invisible (left hand)
Wands
 s - a wand of random effects (15)
Scrolls
 d - a scroll of identify {unknown}
 f - a scroll of random uselessness {unknown}
 g - a scroll of fear {unknown}
 k - 2 scrolls of enchant armour {unknown}
 l - 2 scrolls of remove curse {unknown}
 m - a scroll of blinking {unknown}
 p - 2 scrolls of teleportation {unknown}
 t - a scroll of fog {unknown}
 x - a scroll of amnesia {unknown}
Potions
 e - a potion of stabbing {unknown}
 h - a potion of degeneration {unknown}
 j - 2 potions of heal wounds
 n - a potion of berserk rage {unknown}
 o - a potion of might
 r - 4 potions of flight {unknown}
 v - 4 potions of curing {unknown}
 w - a potion of haste {unknown}
 z - a potion of resistance {unknown}


   Skills:
 + Level 7.2 Fighting
 * Level 5.7 Maces & Flails
 + Level 2.4 Throwing
 * Level 5.8 Dodging


You had 7 spell levels left.
You didn't know any spells.
Your spell library was empty.

Dungeon Overview and Level Annotations

Branches:
Dungeon (5/15)             Temple (0/1) D:5

Altars:
Dithmenos
Elyvilon
Kikubaaqudgha
Ru
Sif Muna
Yredelemnul

Annotations:
D:3 2 transporters, p0werm0de's ghost, weakling MiFi


Innate Abilities, Weirdness & Mutations

You are too large for most types of armour.
You have tough skin. (AC +1)


Message History

You hit the ice beast but do no damage.
The ice beast is moderately wounded.
The ice beast barely misses you.
You closely miss the ice beast.
The ice beast is moderately wounded.
The ice beast completely misses you.
You closely miss the ice beast.
The ice beast is moderately wounded.
The ice beast hits you. The ice beast freezes you!
You barely miss the ice beast.
The ice beast is moderately wounded.
The ice beast hits you. The ice beast freezes you. The ice beast hits you.
The ice beast freezes you!
* * * LOW HITPOINT WARNING * * *
You hit the ice beast.
The ice beast is heavily wounded.
The ice beast hits you.
* * * LOW HITPOINT WARNING * * *
The ice beast freezes you!
You die...

#.......##.......##..#.##.......
###...............#..#.##.......
#..####.......................
#.. #...(................### #..
#.####...#+#......#### # ##
#.......#.#_#...#### # #..#
...#.#'##..# ###
...##.#.#.......# #..
........Y@.####.## #.#
.##...##.# #.# #.#
##...##.####.# #.#
..............#### #.#
....>.....####...#####..
..........# #.#........
.##...##..####...#####..
##...##..##.......# #..
#.##..#.# #.#


You could see an ice beast.

Vanquished Creatures
  Pikel (D:4)
  Sigmund (D:4)
  A black bear (D:3)
  Blork the orc (D:5)
  A scorpion (D:4)
  An iguana (D:4)
  2 worker ants (D:4)
  Robin (D:4)
  3 gnolls (D:2)
  2 adders
  An ooze (D:1)
  6 dart slugs
  4 worms
  3 leopard geckos
  9 orcs
  2 ball pythons
  8 giant cockroaches
  20 goblins
  15 hobgoblins
  5 jackals
  2 quokkas
  6 bats
  3 frilled lizards
  2 jackal skeletons (D:5)
  6 kobolds
  A leopard gecko skeleton (D:4)
  6 rats
113 creatures vanquished.

Notes
Turn   | Place    | Note
-------+----------+-------------------------------------------
     0 | D:1      | Borgoz the Ogre Berserker began the quest for the Orb.
     0 | D:1      | Reached XP level 1. HP: 24/24 MP: 1/1
   228 | D:1      | Reached XP level 2. HP: 15/32 MP: 2/2
   385 | D:2      | Reached XP level 3. HP: 20/40 MP: 3/3
   790 | D:1      | Reached ** piety under Trog
  1359 | D:1      | Reached XP level 4. HP: 46/49 MP: 4/4
  1610 | D:2      | Reached skill level 5 in Fighting
  2369 | D:2      | Reached XP level 5. HP: 33/57 MP: 5/5
  2901 | D:3      | Found a transporter.
  2905 | D:3      | Noticed p0werm0de's ghost (weakling MiFi)
  3005 | D:3      | Noticed a black bear
  3036 | D:3      | Killed a black bear
  3036 | D:3      | Reached XP level 6. HP: 18/67 MP: 6/6
  3079 | D:3      | Reached skill level 6 in Fighting
  3419 | D:3      | Found a transporter.
  3766 | D:3      | Found a shadowy altar of Dithmenos.
  4100 | D:4      | Reached *** piety under Trog
  4444 | D:4      | Noticed Sigmund
  4456 | D:4      | Killed Sigmund
  4456 | D:4      | Reached skill level 1 in Throwing
  4456 | D:4      | Reached XP level 7. HP: 24/76 MP: 7/7
  4788 | D:4      | Noticed Robin
  4818 | D:4      | Killed Robin
  5088 | D:4      | Noticed Pikel
  5104 | D:4      | Killed Pikel
  5104 | D:4      | Reached skill level 7 in Fighting
  5104 | D:4      | Reached skill level 5 in Maces & Flails
  5104 | D:4      | Reached skill level 5 in Dodging
  5104 | D:4      | Reached XP level 8. HP: 53/87 MP: 8/8
  5803 | D:5      | Entered Level 5 of the Dungeon
  5816 | D:5      | Found an ancient bone altar of Kikubaaqudgha.
  5978 | D:5      | Found a sacrificial altar of Ru.
  6036 | D:5      | Noticed Blork the orc
  6045 | D:5      | Killed Blork the orc
  6318 | D:5      | Found a basalt altar of Yredelemnul.
  6318 | D:5      | Found a shimmering blue altar of Sif Muna.
  6560 | D:5      | Found a white marble altar of Elyvilon.
  6561 | D:5      | Found a staircase to the Ecumenical Temple.
  6579 | D:5      | Slain by an ice beast

Illustrated notes

Levels and vault maps discovered:
D:1:      dpeg_arrival_short_road, layout_loops_cross,
          chequers_serial_rivers_micro_b
D:2:      layout_basic, minmay_tromino_i2
D:3:      layout_basic, lemuel_coloured_pillars_altar, gammafunk_ghost_arena,
          kennysheep_generic_room_2
D:4:      layout_loops_corners, uniq_pikel, uniq_sigmund, uniq_robin
D:5:      layout_loops_cross, kennysheep_mini, gammafunk_temple_overflow_statue,
          lemuel_round_altar, nicolae_ru_sacrificial_ziggurat,
          minmay_temple_entry_stoned_glass, uniq_blork_the_orc

Skill      XL: |  1  2  3  4  5  6  7 |
---------------+----------------------+-----
Maces & Flails | 3 4 5 |  5.7
Dodging        | 3 4 5 |  5.8
Fighting       | 5 6 7 |  7.2
Throwing       | 1 2 |  2.4

Action                   |  1- 3 |  4- 6 |  7- 9 || total
-------------------------+-------+-------+-------++-------
Melee: Mace              |    87 |   205 |    65 ||   357
       Morningstar       |       |       |    46 ||    46
Invok: Berserk           |       |       |     2 ||     2
  Use: Potion            |       |     2 |       ||     2
       Scroll            |       |     1 |       ||     1
 Stab: Sleeping          |       |     1 |       ||     1
Armor: Animal skin       |    22 |    57 |    21 ||   100
Dodge: Dodged            |    41 |   139 |    80 ||   260

Table legend: (Time is in decaauts)
 A = Elapsed time spent in this place.
 B = Non-inter-level travel time spent in this place.
 C = Inter-level travel time spent in this place.
 D = Time resting spent in this place.
 E = Time spent auto-exploring this place.
 F = Levels seen in this place.
 G = Mean time per level.
                   A        B        C        D        E       F      G
               +--------+--------+--------+--------+--------+-----+--------+
         Total |   6681 |   6457 |    224 |   2117 |   3456 |   5 | 1336.2 |
       Dungeon |   6681 |   6457 |    224 |   2117 |   3456 |   5 | 1336.2 |
               +--------+--------+--------+--------+--------+-----+--------+

Top non-repeatable levels by time:
     D:4: 2042 daAuts
     D:2: 1895 daAuts
     D:1: 1040 daAuts
     D:3: 917 daAuts
     D:5: 784 daAuts
